 Seeded DCSS version 0.30-a0-723-gc1506a1cf0 (webtiles) character file.

Game seed: 4398127156956460428 (custom seed)

857 tkbsonic5 the Slasher (level 8, 0/58 HPs)
             Began as a Djinni Gladiator on Jan 28, 2023.
             Was an Initiate of Hepliaklqana.
             Slain by Pikel
             ... wielding a +0 whip of flaming
              (1 damage)
             ... on level 4 of the Dungeon on Jan 29, 2023.
             The game lasted 00:18:36 (4327 turns).

tkbsonic5 the Slasher (Djinni Gladiator)            Turns: 4327, Time: 00:18:37

Health: 0/58       AC:  5    Str: 15    XL:     8   Next: 22%
Gold:   261        EV: 13    Int: 10    God:    Hepliaklqana [......] SH:  0 Dex: 15

rFire   + + .      SeeInvis .    a - +0 long sword
rCold   x . .      Faith    .    (no shield)
rNeg    . . .      Spirit   .    b - +0 leather armour
rPois   ∞          Reflect  .    c - +0 helmet
rElec   .          Harm     .    h - +0 cloak
rCorr   .          Rampage  .    (no gloves)
Will    .....                    (boots unavailable)
Stlth   +                        (no amulet)
HPRegen 0.29/turn                (no ring)
MPRegen 0.00/turn                (no ring)

@: flying, very slightly contaminated
A: sickness immunity, fire resistance 2, cold vulnerability 1, float, innate
caster, HP casting, extra vitality 1
a: Renounce Religion


You were on level 4 of the Dungeon.
You worshipped Hepliaklqana.
Hepliaklqana was noncommittal.
You visited 1 branch of the dungeon, and saw 4 of its levels.

You collected 261 gold pieces.

Inventory:

Hand Weapons
 a - a +0 long sword (weapon)
 g - a +0 mace of draining
 p - a +2 vampiric dagger
Missiles
 k - 4 boomerangs
Armour
 b - a +0 leather armour (worn)
 c - a +0 helmet (worn)
 e - a +0 scale mail
 h - a +0 cloak (worn)
Wands
 d - a wand of flame (12)
Potions
 f - a potion of mutation
 i - 2 potions of curing


   Skills:
 + Level 4.4 Fighting
 * Level 5.8 Long Blades
 - Level 1.5 Throwing
 + Level 4.0 Dodging
 * Level 3.1 Spellcasting
 + Level 1.4 Evocations


You had 7 spell levels left.
You knew the following spells:

 Your Spells              Type           Power      Damage    Failure   Level
a - Sting                 Tmut/Pois      28%        1d4       10%         1
b - Searing Ray           Conj           14%        2d5       14%         2
c - Portal Projectile     Hex/Tloc       14%        N/A       28%         3
Your spell library was empty.

Dungeon Overview and Level Annotations

Branches:
Dungeon (4/15)
 Temple: D:4-7

Altars:
Ashenzari
Dithmenos
Fedhas
Hepliaklqana

Annotations:
D:4 1 runed translucent door, Crazy Yiuf, Pikel


Innate Abilities, Weirdness & Mutations

You are immune to sickness and miasma.
You are immune to poison.
Your flesh is very heat resistant. (rF++)
You are vulnerable to cold. (rC-)
You float through the air rather than walking.
You learn spells naturally, not from books.
Your magical power is your life essence.
You have superior vitality. (+4 MHP)


Message History

HP restored.
You fly downwards.
Level annotation: 1 runed translucent door, Crazy Yiuf, Pikel
There is a stone staircase leading up here.
The sting misses Pikel.
The sting hits Pikel but does no damage.
Pikel is poisoned.
Pikel is lightly wounded.
Pikel hits you with a +0 whip of flaming!
Pikel burns you.
You miscast Sting.
You are very lightly contaminated with residual magic.
Nothing appears to happen.
Pikel completely misses you.
You miscast Sting.
Nothing appears to happen.
The lemure shouts!
Pikel hits you with a +0 whip of flaming.
Pikel burns you.
The sting hits Pikel.
Pikel looks even sicker.
Pikel is moderately wounded.
Pikel hits you with a +0 whip of flaming!
You hit Pikel.
Pikel is moderately wounded.
Pikel misses you.
You slash Pikel!
Pikel is severely wounded.
Pikel hits you with a +0 whip of flaming!
Pikel burns you.
You hit Pikel but do no damage.
Pikel is almost dead.
Pikel waves his whip at you.
Pikel hits you with a +0 whip of flaming.
* * * LOW HITPOINT WARNING * * *
The lemure hits you.
* * * LOW HITPOINT WARNING * * *
You hit Pikel but do no damage.
Pikel is almost dead.
Pikel hits you with a +0 whip of flaming!
* * * LOW HITPOINT WARNING * * *
Pikel burns you.
You die...

#...## ###..# ##...#####
###....# ##......##
###...#... ##......#
#####....###.. ##.....#
######.......## ##.
##....#####............#
##
#.....[...............#
# ##
##...####.5.>.........#
## .#####...##
##.K@.........## #.
....#...##
#.............# ##.
.......##
#.............# #..
......## #.............#
##.. ......#
#............## #...
.....## ##.....<.....#
#... ....##
##.........## ##...
.#..# ##........# #....
###.# ##.......# #....


You could see Pikel (very poisoned) and a lemure.

Vanquished Creatures
  Grinder (D:4)
  Sigmund (D:2)
  Menkaure (D:4)
  2 lemures (D:4)
  A scorpion (D:4)
  Jessica (D:3)
  Natasha (thrice) (D:2)
  An iguana (D:4)
  4 gnolls (D:2)
  7 adders
  3 worms
  2 orcs
  5 endoplasms
  3 giant cockroaches
  9 goblins
  4 hobgoblins
  5 jackals
  5 quokkas
  7 ball pythons
  6 bats
  5 frilled lizards
  11 kobolds
  5 rats
92 creatures vanquished.

Notes
Turn   | Place    | Note
-------+----------+-------------------------------------------
     0 | D:1      | tkbsonic5 the Djinni Gladiator began the quest for the Orb.
     0 | D:1      | Reached XP level 1. HP: 18/18 MP: 0/0
    78 | D:1      | Reached XP level 2. HP: 22/23 MP: 0/0
   126 | D:1      | Reached skill level 3 in Long Blades
   287 | D:1      | Reached XP level 3. HP: 13/29 MP: 0/0
   287 | D:1      | Learned a level 1 spell: Sting
   863 | D:2      | Reached skill level 1 in Spellcasting
   863 | D:2      | Reached XP level 4. HP: 16/34 MP: 0/0
   879 | D:2      | Noticed Sigmund
  1230 | D:2      | Killed Sigmund
  1231 | D:2      | Reached skill level 4 in Long Blades
  1231 | D:2      | Reached XP level 5. HP: 31/40 MP: 0/0
  1231 | D:2      | Learned a level 2 spell: Searing Ray
  1231 | D:2      | Reached XP level 6. HP: 36/46 MP: 0/0
  1534 | D:2      | Noticed Natasha
  1541 | D:2      | Killed Natasha
  1636 | D:2      | Noticed Natasha
  1646 | D:2      | Killed Natasha
  1647 | D:2      | Reached skill level 5 in Long Blades
  1676 | D:2      | Noticed Natasha
  1928 | D:2      | Killed Natasha
  1929 | D:2      | Reached XP level 7. HP: 39/51 MP: 0/0
  1929 | D:2      | Learned a level 3 spell: Portal Projectile
  2205 | D:3      | Noticed Jessica
  2246 | D:3      | Killed Jessica
  2319 | D:3      | Found a glowing drain.
  2588 | D:3      | Found a broken altar of Ashenzari.
  2786 | D:3      | Found a blossoming altar of Fedhas.
  3055 | D:3      | Found a hazy altar of Hepliaklqana.
  3056 | D:3      | Found a shadowy altar of Dithmenos.
  3056 | D:3      | Noticed a shadow
  3317 | D:3      | Became a worshipper of Hepliaklqana the Forgotten
  3540 | D:4      | Found a runed translucent door.
  3541 | D:4      | Noticed Crazy Yiuf
  3844 | D:4      | Noticed Menkaure
  3852 | D:4      | Killed Menkaure
  4011 | D:4      | Noticed Grinder
  4018 | D:4      | Killed Grinder
  4019 | D:4      | Reached skill level 1 in Evocations
  4019 | D:4      | Reached XP level 8. HP: 58/58 MP: 0/0
  4048 | D:4      | Noticed Pikel
  4327 | D:4      | HP: 1/58 [Pikel/+0 whip of flaming (10)]
  4327 | D:4      | Slain by Pikel

Illustrated notes

Levels and vault maps discovered:
D:1:      evilmike_arrival_plus, layout_basic, minmay_misc_feat_chi
D:2:      layout_rooms, nicolae_half_adder, uniq_natasha, uniq_sigmund
D:3:      layout_basic, riverfiend_overflow_shadow_ancestor, lemuel_tele_altar,
          overflow_temple_1_default, cheibrodos_sewer_entry_bend, uniq_jessica
D:4:      layout_cave_pods, uniq_grinder, uniq_crazy_yiuf_cottage,
          uniq_menkaure, uniq_pikel

Skill      XL: |  1  2  3  4  5  6  7 |
---------------+----------------------+-----
Long Blades    | 3 4 5 |  5.8
Spellcasting   | 1 2 3 |  3.1
Fighting       | 3 4 |  4.4
Dodging        | 4 |  4.0
Evocations     | 1 |  1.4
Throwing       | |  1.5

Action                     |  1- 3 |  4- 6 |  7- 9 || total
---------------------------+-------+-------+-------++-------
  Melee: Long sword        |    16 |    48 |    69 ||   133
         Mace              |    96 |    25 |       ||   121
         Punch             |     2 |     1 |     2 ||     5
  Throw: Throwing net      |     6 |     2 |       ||     8
         Javelin           |     2 |     1 |     1 ||     4
         Boomerang         |       |       |    29 ||    29
   Cast: Sting             |       |    20 |     5 ||    25
         Searing Ray       |       |     2 |     2 ||     4
  Evoke: Wand              |       |       |    13 ||    13
    Use: Scroll            |     2 |     5 |     9 ||    16
         Potion            |     2 |     1 |     2 ||     5
   Stab: Sleeping          |     1 |     1 |       ||     2
 Armour: Leather armour    |    57 |    21 |     4 ||    82
         Scale mail        |       |     2 |    14 ||    16
  Dodge: Dodged            |   114 |    70 |    46 ||   230

Table legend: (Time is in decaauts)
 A = Elapsed time spent in this place.
 B = Non-inter-level travel time spent in this place.
 C = Inter-level travel time spent in this place.
 D = Time resting spent in this place.
 E = Time spent auto-exploring this place.
 F = Levels seen in this place.
 G = Mean time per level.
                   A        B        C        D        E       F      G
               +--------+--------+--------+--------+--------+-----+--------+
         Total |   4435 |   4128 |    307 |    533 |   2571 |   4 | 1108.8 |
       Dungeon |   4435 |   4128 |    307 |    533 |   2571 |   4 | 1108.8 |
               +--------+--------+--------+--------+--------+-----+--------+

Top non-repeatable levels by time:
     D:1: 1388 daAuts
     D:3: 1261 daAuts
     D:2: 928 daAuts
     D:4: 856 daAuts
